 Dungeon Crawl Stone Soup version 0.16.2-2-g470672f (webtiles) character file.

126 monobi the Ducker (level 4, 0/52 HPs)
             Began as a Demonspawn Gladiator on Sept 3, 2015.
             Slain by monobi's ghost (7 damage)
             ... on level 3 of the Dungeon.
             The game lasted 00:05:04 (2413 turns).

monobi the Ducker (Demonspawn Gladiator)            Turns: 2413, Time: 00:05:04

Health: 0/52       AC: 22    Str: 17    XL:     4   Next: 84%
Magic:  4/4        EV:  2    Int: 11    God:
Gold:   92         SH:  0    Dex: 10    Spells: 0 memorised, 3 levels left

rFire  . . .     SeeInvis .     a - +0 trident
rCold  . . .     Clarity  .     q - melded +0 scale mail
rNeg   + + +     SustAb   .     (no shield)
rPois  +         Gourm    .     c - melded +0 helmet
rElec  .         Spirit   .     (cloak currently unavailable)
rCorr  .         Warding  .     k - melded +0 pair of gloves
rMut   .         NoTele   +     (boots currently unavailable)
MR     .....                    (no amulet)
Stlth  +.........               j - +2 ring of intelligence
                                e - -3 ring of dexterity

@: tree-form, not resistant to hostile enchantments, very unstealthy
A: rugged brown scales 1, (spiny 0)
a: no special abilities


You were on level 3 of the Dungeon.
You were not hungry.
You were a tree.
You visited 1 branch of the dungeon, and saw 3 of its levels.

You collected 92 gold pieces.

Inventory:

Hand weapons
 a - a +0 trident (weapon)
Armour
 c - a +0 helmet (melded)
 k - a +0 pair of gloves (melded)
 q - a +0 scale mail (melded)
Jewellery
 e - a -3 ring of dexterity (left branch)
 j - a +2 ring of intelligence (right branch)
Magical devices
 n - a wand of flame (10)
 p - a wand of enslavement (13)
Scrolls
 g - a scroll of blinking {unknown}
 l - a scroll of identify
 m - a scroll of remove curse
Potions
 f - a potion of poison
 h - a potion of lignification
 i - 2 potions of resistance
Comestibles
 b - 2 meat rations
 o - a chunk of flesh


   Skills:
 + Level 2.8 Fighting
 * Level 3.3 Polearms
 + Level 1.9 Throwing
 * Level 1.6 Armour
 + Level 3.6 Dodging
 + Level 0.4 Stealth


You had 3 spell levels left.
You didn't know any spells.

Dungeon Overview and Level Annotations

Branches:
Dungeon (3/15)

Altars:

Annotations:
D:3 monobi's ghost, average DsGl


Innate Abilities, Weirdness & Mutations

(You are partially covered in rugged brown scales (AC +1, +3% HP).)
((You are mostly covered in sharp spines.))


Message History

You hit monobi's ghost but do no damage.
Monobi's ghost is severely damaged.
Monobi's ghost hits you but does no damage.
You barely miss monobi's ghost.
Monobi's ghost is severely damaged.
Monobi's ghost hits you but does no damage.
You hit monobi's ghost.
Monobi's ghost is severely damaged.
Monobi's ghost hits you but does no damage.
You hit monobi's ghost.
Monobi's ghost is severely damaged.
Monobi's ghost hits you but does no damage.
You hit monobi's ghost but do no damage.
Monobi's ghost is severely damaged.
Monobi's ghost hits you but does no damage.
You hit monobi's ghost but do no damage.
Monobi's ghost is severely damaged.
Monobi's ghost hits you but does no damage.
Monobi's ghost hits you!
You die...

#....)[[..##.#
#.#######.##(#
#.## #.##.#
#.. #.##$#
..#. #.##(##
####. #.#...#
#. #.#.(.# .
#.#.W.# #.##♣#
#.##.#
#######.##.#
#...........#
.#########.#
#.# #.# #.#
#.#


You could see monobi's ghost.

Vanquished Creatures
  3 adders (D:2)
  4 gnolls
  3 worms (D:2)
  A giant gecko (D:1)
  5 bats
  3 giant cockroaches
  5 goblins
  5 hobgoblins
  3 jackals (D:1)
  2 ball pythons (D:1)
  2 giant newts
  6 kobolds
  9 rats
  A bush (D:1)
52 creatures vanquished.

Notes
Turn   | Place    | Note
--------------------------------------------------------------
     0 | D:1      | monobi, the Demonspawn Gladiator, began the quest for the Orb.
     0 | D:1      | Reached XP level 1. HP: 16/16 MP: 1/1
   100 | D:1      | Gained mutation: You are partially covered in sharp spines. [demonic ancestry]
   100 | D:1      | Reached XP level 2. HP: 4/22 MP: 2/2
   383 | D:1      | Reached skill level 3 in Polearms
   711 | D:1      | Gained mutation: You are mostly covered in sharp spines. [demonic ancestry]
   711 | D:1      | Reached XP level 3. HP: 17/27 MP: 3/3
  1486 | D:2      | Reached skill level 1 in Armour
  1521 | D:2      | Gained mutation: You are partially covered in rugged brown scales (AC +1, +3% HP). [demonic ancestry]
  1521 | D:2      | Reached XP level 4. HP: 9/35 MP: 4/4
  2370 | D:3      | Noticed monobi's ghost (average DsGl)
  2413 | D:3      | Slain by monobi's ghost

Action                   |  1- 3 |  4- 6 || total
-------------------------+-------+-------++-------
Melee: Trident           |   190 |   107 ||   297
Throw: Throwing net      |       |     3 ||     3
  Use: Scroll            |     1 |     3 ||     4
       Potion            |       |     2 ||     2
  Eat: Royal jelly       |     1 |       ||     1
       Bread ration      |       |     1 ||     1
